 Dungeon Crawl Stone Soup version 0.31-a0-705-ga145531891 (webtiles) character file.

Game seed: 18266298445577846547

2 arglypuff the Poker (level 1, 15/18 HPs)
             Began as a Merfolk Berserker on Sept 9, 2023.
             Was a Follower of Trog.
             Quit the game on level 1 of the Dungeon.
             The game lasted 00:00:13 (87 turns).

arglypuff the Poker (Merfolk Berserker)               Turns: 87, Time: 00:00:14

Health: 15/18      AC:  2    Str: 17    XL:     1   Next: 30%
Magic:  1/1        EV:  9    Int:  6    God:    Trog [*.....]
Gold:   17         SH:  0    Dex: 13    Spells: 0/0 levels left

rFire   . . .        a - +0 spear
rCold   . . .        (no shield)
rNeg    . . .        b - +0 animal skin
rPois   .            (no helmet)
rElec   .            (no cloak)
rCorr   .            (no gloves)
SInv    .            (no boots)
Will    .....        (no amulet)
Stlth   +            (no ring)
HPRegen 0.23/turn    (no ring)
MPRegen 0.07/turn

%: no passive effects
@: constricted
A: (nimble swimmer 2), mertail
a: Renounce Religion, Berserk


You were on level 1 of the Dungeon.
You worshipped Trog.
Trog was aware of your devotion.
You visited 1 branch of the dungeon, and saw 1 of its levels.

You collected 17 gold pieces.

Inventory:

Hand Weapons
 a - a +0 spear (weapon)
Armour
 b - a +0 animal skin (worn)


   Skills:
 + Level 3.4 Fighting
 + Level 4.0 Polearms
 + Level 1.4 Armour
 + Level 2.7 Dodging


You couldn't memorise any spells.
You didn't know any spells.
Your spell library was empty.

Dungeon Overview and Level Annotations

Branches:
Dungeon (1/15)

Altars:


Innate Abilities, Weirdness & Mutations

((You are very nimble when in or above water. (Stealth+, EV+, Speed+++)))
Your lower body shifts to a powerful aquatic tail in water.


Message History

The ball python closely misses you. x2
You closely miss the ball python.
The ball python is severely wounded.
The ball python bites you. The ball python barely misses you.
You closely miss the ball python.
The ball python is severely wounded.
The ball python closely misses you. The ball python grabs you.
The ball python constricts you.
You hit the ball python.
You kill the ball python!
Trog accepts your kill.
No target in view!
No target in view!
HP restored.
You see here a ball python corpse.
You open the door.
There is an open door here.
There is an open door here.
You see here a ball python corpse.
You open the door.
A goblin comes into view. It is wielding a +0 club.
Found 4 gold pieces.
A goblin is nearby!
A ball python comes into view.
The ball python hisses angrily.
There is an open door here.
You reach to attack!
The helpless goblin fails to defend itself.
You hit the goblin.
The goblin is moderately wounded.
You hit the goblin.
You kill the goblin!
Trog accepts your kill.
You barely miss the ball python. The ball python bites you.
The ball python grabs you. The ball python constricts you.
You barely miss the ball python. The ball python barely misses you.
The ball python constricts you.
You barely miss the ball python. The ball python barely misses you.
The ball python constricts you.
Are you sure you want to abandon this character and quit the game? (Confirm with "yes".)

#......# #......#
#......# #......#
#....$.# #......#
.##......#######
.......)@S......
######'######## ###...###
####...#...####
###†...#####....###
##...#### ####...##
#..### ### ###.)# ##'##
##>## ##'##
##...######...######...##


You could see a ball python.

Vanquished Creatures
  A goblin (D:1)
  A ball python (D:1)
2 creatures vanquished.

Notes
Turn   | Place    | Note
-------+----------+-------------------------------------------
     0 | D:1      | arglypuff the Merfolk Berserker began the quest for the
                  | Orb.
     0 | D:1      | Reached XP level 1. HP: 18/18 MP: 1/1
    87 | D:1      | Quit the game

Illustrated notes

Levels and vault maps discovered:
D:1:      minmay_arrival_split_and_join, layout_basic, serial_shops,
          nicolae_diamond_shop

Action                     || total
---------------------------++-------
  Melee: Spear             ||    11
   Stab: Sleeping          ||     1
 Armour: Animal skin       ||     3
  Dodge: Dodged            ||     9

Table legend: (Time is in decaauts)
 A = Elapsed time spent in this place.
 B = Non-inter-level travel time spent in this place.
 C = Inter-level travel time spent in this place.
 D = Time resting spent in this place.
 E = Time spent auto-exploring this place.
 F = Levels seen in this place.
 G = Mean time per level.
                   A        B        C        D        E       F      G
               +--------+--------+--------+--------+--------+-----+--------+
         Total |     85 |     85 |      0 |      0 |     67 |   1 |   85.0 |
       Dungeon |     85 |     85 |      0 |      0 |     67 |   1 |   85.0 |
               +--------+--------+--------+--------+--------+-----+--------+

Top non-repeatable levels by time:
     D:1: 85 daAuts
